 Seeded DCSS version 0.30-a0-918-g0ff054e9dc (webtiles) character file.

Game seed: 3425090202442293766 (custom seed)

329 Darius099 the Ruffian (level 6, -7/59 HPs)
             Began as a Troll Monk on Mar 21, 2023.
             Killed by divine providence
             ... invoked by an orc priest
              (14 damage)
             ... on level 3 of the Dungeon.
             The game lasted 00:03:48 (2282 turns).

Darius099 the Ruffian (Troll Monk)                  Turns: 2282, Time: 00:03:49

Health: -7/59      AC:  4    Str: 20    XL:     6   Next: 25%
Magic:  5/5        EV: 25    Int:  6    God:
Gold:   842        SH:  0    Dex: 14    Spells: 5/5 levels left

rFire   . . .      SeeInvis +      - Unarmed
rCold   . . .      Faith    .    (no shield)
rNeg    . . .      Spirit   .    j - +0 robe
rPois   .          Reflect  .    (helmet restricted)
rElec   .          Rampage  .    (no cloak)
rCorr   .                        (gloves unavailable)
Will    .....                    (boots unavailable)
Stlth   ++                       n - amulet of the acrobat
HPRegen 1.09/turn                d - ring of see invisible
MPRegen 0.09/turn                (no ring)

@: acrobatic
A: large, unfitting armour, claws 3, regeneration 1, shaggy fur 1, tough skin 1
a: no special abilities


You were on level 3 of the Dungeon.
You visited 1 branch of the dungeon, and saw 4 of its levels.

You collected 842 gold pieces.

Inventory:

Missiles
 l - 2 throwing nets (quivered)
Armour
 j - a +0 robe (worn)
Jewellery
 d - a ring of see invisible (left claw)
 n - an amulet of the acrobat (around neck)
Scrolls
 c - a scroll of acquirement
 e - a scroll of blinking {unknown}
 f - 3 scrolls of noise {unknown}
 g - 2 scrolls of identify
 h - a scroll of enchant armour {unknown}
 m - 3 scrolls of magic mapping {unknown}
 q - 2 scrolls of teleportation {unknown}
 r - a scroll of fear {unknown}
 s - a scroll of silence {unknown}
 w - a scroll of fog {unknown}
 x - a scroll of immolation {unknown}
Potions
 a - a potion of attraction {unknown}
 b - 3 potions of ambrosia
 i - a potion of degeneration {unknown}
 k - a potion of resistance {unknown}
 o - 2 potions of curing {unknown}
 p - a potion of brilliance {unknown}
 t - a potion of might {unknown}
 u - a potion of flight {unknown}
 v - a potion of haste {unknown}


   Skills:
 - Level 2.4 Fighting
 - Level 2.4 Dodging
 - Level 1.0 Stealth
 + Level 7.1 Unarmed Combat


You had 5 spell levels left.
You didn't know any spells.
Your spell library contained the following spells:

 Spells                   Type           Power      Damage    Failure   Level
 Blink                    Tloc           0%         N/A       58%         2
 Manifold Assault         Tloc           0%         N/A       99%         4
 Storm Form               Tmut/Air       0%         N/A       100%        7


Dungeon Overview and Level Annotations

Branches:
Dungeon (4/15)
 Temple: D:4-7

Altars:

Shops:
D:2 ?(

Annotations:
D:3 Grinder


Innate Abilities, Weirdness & Mutations

You are too large for most types of armour.
You have claws for hands.
Your natural rate of healing is unusually fast.
You are covered in fur. (AC +1)
You have tough skin. (AC +1)


Message History

The orc wizard hits you with a +0 dagger.
* * * LOW HITPOINT WARNING * * *
Grinder hits you.
* * * LOW HITPOINT WARNING * * *
You climb upwards.
There is a stone staircase leading down, spattered with blood here.
You barely miss the orc priest. You claw the orc priest!
The orc priest is severely wounded.
Grinder blinks!
The orc wizard closely misses you. The orc hits you with a +0 hand axe.
* * * LOW HITPOINT WARNING * * *
The orc priest invokes the aid of Beogh against you.
You barely resist. You barely miss the orc priest.
The orc priest is severely wounded.
The orc wizard hits you with a +0 dagger.
* * * LOW HITPOINT WARNING * * *
The orc closely misses you.
The orc priest hits you with a +0 dagger.
* * * LOW HITPOINT WARNING * * *
You completely miss the orc priest.
The orc priest is severely wounded.
The orc wizard hits you but does no damage.
The orc hits you with a +0 hand axe.
* * * LOW HITPOINT WARNING * * *
The orc priest hits you but does no damage.
Unknown command.
You scratch the orc priest.
The orc priest is severely wounded.
The orc wizard hits you with a +0 dagger.
* * * LOW HITPOINT WARNING * * *
The orc barely misses you. The orc priest closely misses you.
Unknown command.
The orc wizard attacks as you move away!
The orc wizard hits you but does no damage.
The orc closely misses you.
The orc priest calls down the wrath of Beogh upon you.
Beogh smites you!
You die...

#.####........# #####
#.# #.......)######...#
#.#
#..)รท.............##
#.# #.................'.
#.# ####5###..........##
#.#######.#######.##...#
#.##...).o........##...#
#..'....oo........##...#
####...)@########.##...#
#####......#...######
########..###.#.###
#...........#.#.#
#.######..#.#.#.# #.#
#..#.#.#.# #.#
#..#.#.#.# #.#
#..#.#.#.# #.#
####..#'#.#(#


You could see Grinder, an orc priest, an orc wizard (invisible) and an orc.

Vanquished Creatures
  Sigmund (D:3)
  Terence (D:3)
  3 adders (D:2)
  A worm (D:2)
  12 dart slugs
  3 orcs
  7 ball pythons
  7 bats
  4 endoplasms
  3 giant cockroaches
  6 goblins
  6 hobgoblins
  3 kobolds
  A quokka (D:2)
  4 frilled lizards
  13 rats
75 creatures vanquished.

Notes
Turn   | Place    | Note
-------+----------+-------------------------------------------
     0 | D:1      | Darius099 the Troll Monk began the quest for the Orb.
     0 | D:1      | Reached XP level 1. HP: 22/22 MP: 0/0
   116 | D:1      | Reached XP level 2. HP: 29/29 MP: 1/1
   322 | D:1      | Reached skill level 4 in Unarmed Combat
   465 | D:1      | Found a faded altar of an unknown god.
   601 | D:2      | Reached XP level 3. HP: 36/36 MP: 2/2
   699 | D:2      | Found Nareh's Weapon Boutique.
   816 | D:2      | Found Lipoy's Magic Scroll Boutique.
   926 | D:2      | Reached XP level 4. HP: 44/44 MP: 3/3
   930 | D:2      | Reached skill level 5 in Unarmed Combat
  1395 | D:2      | Identified 2 scrolls of acquirement
  1396 | D:2      | Acquired 612 gold pieces
  1416 | D:3      | Noticed Sigmund
  1423 | D:3      | Killed Sigmund
  1424 | D:3      | Reached skill level 6 in Unarmed Combat
  1424 | D:3      | Reached XP level 5. HP: 19/50 MP: 4/4
  1559 | D:3      | Reached XP level 6. HP: 50/59 MP: 5/5
  1899 | D:3      | Noticed Terence
  1906 | D:3      | Killed Terence
  1907 | D:3      | Reached skill level 7 in Unarmed Combat
  2247 | D:4      | Noticed Grinder
  2269 | D:4      | Paralysed by Grinder for 2 turns
  2282 | D:3      | Killed from afar by an orc priest

Illustrated notes

Levels and vault maps discovered:
D:1:      minmay_arrival_loop, layout_basic, ebering_ecumenical_altar_webs,
          moated_statue, minmay_tetromino_s2
D:2:      minmay_angry_zag, layout_basic, serial_shops,
          nicolae_shop_behind_doors, nicolae_shop_bloodbath_and_beyond,
          minmay_cut_off
D:3:      kennysheep_slugbush, layout_basic, uniq_sigmund, uniq_terence
D:4:      layout_layer_cave, gammafunk_temple_overflow_claw,
          nicolae_tso_besieged_by_evil, minivault_24, uniq_grinder

Skill      XL: |  1  2  3  4  5  6 |
---------------+-------------------+-----
Unarmed Combat | 4 6 7 |  7.1
Fighting       | |  2.4
Dodging        | |  2.4
Stealth        | |  1.0

Action                     |  1- 3 |  4- 6 || total
---------------------------+-------+-------++-------
  Melee: Unarmed           |    82 |    76 ||   158
         Punch             |       |     1 ||     1
    Use: Scroll            |       |     2 ||     2
   Stab: Sleeping          |     4 |     2 ||     6
         Distracted        |       |     1 ||     1
 Armour: Robe              |    20 |    14 ||    34
  Dodge: Dodged            |    37 |    64 ||   101

Table legend: (Time is in decaauts)
 A = Elapsed time spent in this place.
 B = Non-inter-level travel time spent in this place.
 C = Inter-level travel time spent in this place.
 D = Time resting spent in this place.
 E = Time spent auto-exploring this place.
 F = Levels seen in this place.
 G = Mean time per level.
                   A        B        C        D        E       F      G
               +--------+--------+--------+--------+--------+-----+--------+
         Total |   2267 |   2241 |     26 |     21 |   1687 |   4 |  566.8 |
       Dungeon |   2267 |   2241 |     26 |     21 |   1687 |   4 |  566.8 |
               +--------+--------+--------+--------+--------+-----+--------+

Top non-repeatable levels by time:
     D:3: 847 daAuts
     D:2: 846 daAuts
     D:1: 559 daAuts
     D:4: 14 daAuts
